 Dungeon Crawl Stone Soup version 0.31.0-32-g396128a36d (webtiles) character file.

Game seed: 5891424633497888134

3537 Gabide the Grappler (level 9, 0/72 HPs)
             Began as a Mummy Berserker on Mar 8, 2024.
             Was a High Priest of Trog.
             Slain by a very large slime creature (53 damage)
             ... on level 8 of the Dungeon.
             The game lasted 00:10:14 (7178 turns).

Gabide the Grappler (Mummy Berserker)               Turns: 7178, Time: 00:10:15

Health: 0/72       AC: 11    Str: 24    XL:     9   Next: 82%
Magic:  9/9        EV: 19    Int:  6    God:    Trog [*****.]
Gold:   320        SH:  0    Dex: 14    Spells: 8/8 levels left

rFire   . .          .
                       - Unarmed
rCold   + . .        (no shield)
rNeg    + + +        q - +3 leather armour of Laffiset {+Inv Dex+2 Stlth+}
rPois   ∞            k - +0 helmet
rElec   .            t - +0 cloak
rCorr   .            m - +2 pair of gloves
SInv    .            (no boots)
Will    +....        (no amulet)
Stlth   ++           c - +5 ring of evasion
HPRegen 0.32/turn    n - ring of protection from fire
MPRegen 0.11/turn

%: faith
@: studying Dodging
A: cold resistance 1, negative energy resistance 3, torment resistance 2, heat
vulnerability 1, in touch with death 1, no potions, faith
a: Renounce Religion, Evoke Invisibility, Trog's Hand, Brothers in Arms


You were on level 8 of the Dungeon.
You worshipped Trog.
Trog was extremely pleased with you.
You visited 2 branches of the dungeon, and saw 9 of its levels.
You also visited: Sewer.

You collected 320 gold pieces.

Inventory:

Hand Weapons
 a - a +1 sling of flaming
Missiles
 i - 12 boomerangs (quivered)
Armour
 k - a +0 helmet (worn)
 m - a +2 pair of gloves (worn)
 q - the +3 leather armour of Laffiset (worn) {+Inv Dex+2 Stlth+}
   (You found it on level 6 of the Dungeon)

   Dex+2:     It affects your dexterity (+2).
   +Inv:      It lets you turn invisible.
   Stlth+:    It makes you more stealthy.
 t - a +0 cloak (worn)
Jewellery
 b - a +6 ring of dexterity
 c - a +5 ring of evasion (left hand)
 h - a ring of fire
 n - a ring of protection from fire (right hand)
Wands
 j - a wand of acid (17)
Scrolls
 d - 4 scrolls of fear
 e - 2 scrolls of poison
 f - 3 scrolls of teleportation
 l - a scroll of enchant weapon
 o - 2 scrolls of amnesia
 p - 2 scrolls of blinking
 r - a scroll of vulnerability
 s - a scroll of identify


   Skills:
 + Level 7.2 Fighting
 - Level 3.0 Armour
 + Level 5.6 Dodging
 + Level 9.6 Unarmed Combat


You had 8 spell levels left.
You didn't know any spells.
Your spell library was empty.

Dungeon Overview and Level Annotations

Branches:
Dungeon (8/15)             Temple (1/1) D:6           Sewer (visited)
   Lair: D:8-11

Altars:
Ashenzari
Cheibriados
Dithmenos
Fedhas
Gozag
Kikubaaqudgha
Makhleb
Nemelex Xobeh
Okawaru
Qazlal
Ru
Sif Muna
Trog
Vehumet
Xom
Yredelemnul
Lugonu

Shops:
D:1 (   D:3 *

Annotations:
D:3 2 transporters, mmk665's ghost, weakling GrFi
D:8 Pikel


Innate Abilities, Weirdness & Mutations

You are immune to poison.
Your flesh is cold resistant. (rC+)
You are immune to negative energy. (rN+++)
You are immune to unholy pain and torment.
You are vulnerable to heat. (rF-)
You are in touch with the powers of death.
You do not drink.
You have a special connection with the divine. (Faith)


Message History

Look: a very large slime creature (moderately wounded, fleeing, susceptible)
As you read the scroll of immolation, it crumbles to dust.
The creatures around you are filled with an inner flame!
Unknown command.
Unknown command.
Unknown command.
Aiming: Corrosive Bolt
Press: ? - help, Shift-Dir - straight line, p - very large slime creature The bolt of acid hits the very large slime creature!
The acid corrodes the very large slime creature!
Flame seeps out of the very large slime creature.
The very large slime creature is moderately wounded.
Your attack snaps the very large slime creature out of its fear.
The very large slime creature is engulfed in blazing flames.
Flame seeps out of the very large slime creature.
Aiming: Corrosive Bolt
Press: ? - help, Shift-Dir - straight line The bolt of acid hits the very large slime creature!!
The very large slime creature seems to be corroded for longer.
Flame seeps out of the very large slime creature.
The very large slime creature is heavily wounded.
The very large slime creature is engulfed in blazing flames.
Flame seeps out of the very large slime creature.
Unknown command.
Aiming: Corrosive Bolt
Press: ? - help, Shift-Dir - straight line The bolt of acid hits the very large slime creature!
Flame seeps out of the very large slime creature.
The very large slime creature is heavily wounded.
The very large slime creature is engulfed in blazing flames.
Flame seeps out of the very large slime creature.
Unknown command.
You hit the very large slime creature.
Flame seeps out of the very large slime creature.
The very large slime creature is heavily wounded.
The very large slime creature is engulfed in blazing flames.
Flame seeps out of the very large slime creature.
The very large slime creature hits you!!!
Ouch! That really hurt!
You die...

#........#
.###........#
'...$.>....#
#.........#
#.........#
#.........#
#.........#
#.###.#########
#.....°○J@....#
#.###.####..#.#
##.####..#.# #########
#........#.# #.......#
#..#####...###.#####.#
.#######..#
#...........# #.#
..........#
#.#####....####.#
#.#######.###
#.......#.# #......#
##)))##.#.#


You could see a very large slime creature (inner flame, corroded).

Vanquished Creatures
  A komodo dragon (D:6)
  Prince Ribbit (D:7)
  3 orc warriors
  An ice beast (D:6)
  A sky beast (D:6)
  A black bear (D:7)
  4 lemures (D:8)
  7 kobold brigands
  A brain worm (Sewer)
  A scorpion (D:6)
  A bullfrog (D:7)
  5 killer bees (D:7)
  A howler monkey (D:5)
  2 bombardier beetles
  A jelly (D:3)
  6 hounds
  2 gnoll boudas
  3 orc priests
  An iguana (D:5)
  Terence (D:3)
  2 sleepcaps (D:6)
  9 orc wizards
  17 adders
  10 gnolls
  A white imp (D:6)
  2 ufetubi (D:6)
  7 ribbon worms
  7 dart slugs
  18 orcs
  9 ball pythons
  5 bats
  7 endoplasms
  7 giant cockroaches
  6 goblins
  8 hobgoblins
  3 jackals (D:4)
  6 quokkas
  4 frilled lizards
  13 kobolds
  11 rats
196 creatures vanquished.

Vanquished Creatures (collateral kills)
  A cyclops (D:6)
  An ogre (D:6)
2 creatures vanquished.

Vanquished Creatures (others)
  An orc wizard (D:7)
1 creature vanquished.

Grand Total: 199 creatures vanquished

Notes
Turn   | Place    | Note
-------+----------+-------------------------------------------
     0 | D:1      | Gabide the Mummy Berserker began the quest for the Orb.
     0 | D:1      | Reached XP level 1. HP: 18/18 MP: 1/1
   102 | D:1      | Found Filuj's Antique Weapon Emporium.
   139 | D:1      | Reached XP level 2. HP: 23/24 MP: 2/2
   433 | D:1      | You fall into a shaft and drop 1 floor!
   520 | D:2      | Reached ** piety under Trog
   525 | D:2      | Reached XP level 3. HP: 23/29 MP: 3/3
   618 | D:2      | Found a faded altar of an unknown god.
  1102 | D:2      | Reached skill level 3 in Unarmed Combat
  1213 | D:2      | Reached XP level 4. HP: 35/35 MP: 4/4
  1498 | D:3      | Found a burning altar of Makhleb.
  1510 | D:3      | Reached XP level 5. HP: 30/41 MP: 5/5
  1652 | D:3      | Found a blossoming altar of Fedhas.
  1653 | D:3      | Found a shimmering altar of Xom.
  1789 | D:3      | Found a stormy altar of Qazlal.
  1832 | D:3      | Noticed Terence
  1853 | D:3      | Killed Terence
  1983 | D:3      | Reached *** piety under Trog
  2319 | D:3      | Found a transporter.
  2320 | D:3      | Found a transporter.
  2320 | D:3      | Noticed mmk665's ghost (weakling GrFi)
  2321 | D:3      | Noticed an ogre
  2323 | D:3      | Noticed an ogre
  2360 | D:3      | Reached skill level 4 in Unarmed Combat
  2360 | D:3      | Reached XP level 6. HP: 31/47 MP: 6/6
  2449 | D:3      | Found Haiclol's General Store.
  2770 | D:4      | Found an iron altar of Okawaru.
  2933 | D:4      | Found a glowing drain.
  2942 | Sewer    | Entered a sewer
  2988 | Sewer    | Reached skill level 5 in Unarmed Combat
  3318 | Sewer    | Reached XP level 7. HP: 30/52 MP: 3/7
  3448 | Sewer    | Reached skill level 6 in Unarmed Combat
  3776 | Sewer    | Reached **** piety under Trog
  4322 | D:5      | Entered Level 5 of the Dungeon
  4489 | D:5      | Reached XP level 8. HP: 36/61 MP: 8/8
  4665 | D:5      | Found a radiant altar of Vehumet.
  4665 | D:5      | Found a bloodstained altar of Trog.
  4665 | D:5      | Found an opulent altar of Gozag.
  4796 | D:5      | Reached skill level 5 in Fighting
  5107 | D:6      | Reached skill level 7 in Unarmed Combat
  5176 | D:6      | Reached ***** piety under Trog
  5257 | D:6      | Noticed a cyclops
  5286 | D:6      | Killed a cyclops
  5287 | D:6      | Reached skill level 8 in Unarmed Combat
  5541 | D:6      | Noticed a komodo dragon
  5547 | D:6      | Killed a komodo dragon
  5548 | D:6      | Reached XP level 9. HP: 69/69 MP: 9/9
  5773 | D:6      | Reached skill level 9 in Unarmed Combat
  5938 | D:6      | Found a staircase to the Ecumenical Temple.
  6031 | D:6      | Identified the +3 leather armour of Laffiset {+Inv Dex+2
                  | Stlth+}
  6140 | Temple   | Entered the Ecumenical Temple
  6333 | D:7      | Reached skill level 5 in Dodging
  6338 | D:7      | Received a gift from Trog
  6575 | D:7      | Found a basalt altar of Yredelemnul.
  6730 | D:7      | Found a sacrificial altar of Ru.
  6855 | D:7      | Noticed Prince Ribbit
  6866 | D:7      | Killed Prince Ribbit
  7163 | D:8      | Noticed Pikel
  7178 | D:8      | Slain by a very large slime creature

Illustrated notes

Levels and vault maps discovered:
D:1:      amcnicky_arrival_flooded_fountain, layout_loops_ring, serial_shops,
          nicolae_shop_temple_entry_statues_fountains
D:2:      layout_basic, shapermc_ecumenical_altar_rom_forum, minmay_tetromino_l4
D:3:      layout_loops_ring, nicolae_overflow_hidden_temple,
          mainiacjoe_overflow_concentric_impassable, serial_shops,
          nicolae_shop_waterfront, gammafunk_ghost_smash, cheibrodos_gnoll_hut,
          uniq_terence
D:4:      layout_cave_pools, okawaru_metal_pillars_1_2,
          mainiacjoe_sewer_entry_somewhere_in_here_1, grunt_decor_one_mirror
D:5:      layout_loops_ring, gammafunk_temple_overflow_forgotten
D:6:      layout_gridville, minmay_temple_entry_stoned_glass,
          minmay_manual_mullet
D:7:      layout_loops_ring, nicolae_ru_great_annihilating_truth,
          mainiacjoe_overflow_alcove_1, dk_vineyard_1,
          dreamdust_princess_bridge, minmay_misc_feat_cross, minmay_holes,
          st_stairs_9, amcnicky_mini_rare_corridor_liquid,
          nicolae_twisty_statue_hallways, uniq_prince_ribbit1
D:8:      layout_basic, nicolae_wu_jian_wuxing_cycle,
          mainiacjoe_overflow_chevrons, minivault_10,
          nicolae_nh_oracle_at_delphi, uniq_pikel
Temple:   corrupted_temple

Skill      XL: |  1  2  3  4  5  6  7  8  9 |
---------------+----------------------------+-----
Armour         | 2 3 |  3.0
Dodging        | 2 3 5 |  5.6
Unarmed Combat | 3 4 5 6 8 9 |  9.6
Fighting       | 4 6 7 |  7.2

Action                     |  1- 3 |  4- 6 |  7- 9 || total
---------------------------+-------+-------+-------++-------
  Melee: Unarmed           |   141 |   305 |   529 ||   975
         Punch             |     1 |     7 |    25 ||    33
   Fire: Sling             |       |       |     5 ||     5
  Throw: Boomerang         |     9 |       |       ||     9
 Invoke: Trog's Hand       |       |       |     2 ||     2
         Brothers in Arms  |       |       |     1 ||     1
  Evoke: Wand              |       |       |     4 ||     4
    Use: Scroll            |     1 |     2 |     8 ||    11
   Stab: Sleeping          |     1 |     4 |     3 ||     8
 Armour: Animal skin       |    23 |       |       ||    23
         Robe              |    24 |    30 |       ||    54
         Ring mail         |       |    65 |   175 ||   240
         Leather armour    |       |       |    56 ||    56
  Dodge: Dodged            |    85 |   198 |   373 ||   656
